 Dungeon Crawl Stone Soup version 0.25-a0-44-g29a1220a87 (webtiles) character file.

Game seed: 9711854276820630581, levelgen mode: deterministic

60244 Fingolfin the Severer (level 14, -2/132 HPs)
             Began as a Minotaur Berserker on Oct 24, 2019.
             Was the Champion of Trog.
             Shot with a bolt by an orc knight (14 damage)
             ... on level 2 of the Orcish Mines.
             The game lasted 01:10:05 (21406 turns).

Fingolfin the Severer (Minotaur Berserker)         Turns: 21406, Time: 01:10:06

Health: -2/132     AC: 21    Str: 28    XL:     14   Next: 56%
Magic:  6/6        EV: 13    Int:  6    God:    Trog [******]
Gold:   2332       SH:  0    Dex: 11    Spells: 13/13 levels left

rFire    . . .     SeeInvis .   a - +1 battleaxe (antimagic)
rCold    + . .     Gourm    .   (shield currently unavailable)
rNeg     + + +     Faith    +   G - +3 chain mail of the Thunderstorm {rF+ Str+4}
rPois    .         Spirit   .   (helmet restricted)
rElec    .         Reflect  .   N - +2 cloak
rCorr    .         Harm     .   (no gloves)
MR       +....                  o - +2 pair of boots
Stlth    ..........             O - amulet "Sitraa" {Faith rF- rN++}
HPRegen  0.32/turn              Y - ring of Puruh {rC+ rN+ Str-2 Dex+2 Stlth+}
MPRegen  0.10/turn              (no ring)

@: no status effects
A: retaliatory headbutt, horns 2
a: Berserk, Trog's Hand, Brothers in Arms, Renounce Religion


You were on level 2 of the Orcish Mines.
You worshipped Trog.
Trog was exalted by your worship.
You were hungry.

You visited 3 branches of the dungeon, and saw 21 of its levels.

You collected 2696 gold pieces.
You spent 364 gold pieces at shops.

Inventory:

Hand Weapons
 a - a +1 antimagic battleaxe (weapon)
 b - a +3 morningstar of freezing
Missiles
 i - 6 boomerangs of dispersal
 u - 20 curare-tipped darts (quivered)
 x - 34 poisoned darts
 D - a throwing net
 M - 41 javelins
 S - 21 atropa-tipped darts
Armour
 o - a +2 pair of boots (worn)
 G - the +3 chain mail of the Thunderstorm (worn) {rF+ Str+4}
   (You found it on level 5 of the Dungeon)

   It affects your strength (+4).
   It protects you from fire.
 N - a +2 cloak (worn)
Jewellery
 O - the amulet "Sitraa" (around neck) {Faith rF- rN++}
   (You found it on level 11 of the Dungeon)

   [amulet of faith]

   It allows you to gain divine favour quickly.
   It makes you vulnerable to fire.
   It greatly protects you from negative energy.
 W - the ring "Xeneq" {rC+ rN+ MR- EV-2 Slay+2}
   (You found it on level 5 of the Lair of Beasts)

   [ring of evasion]

   It affects your evasion (-2).
   It affects your accuracy and damage with ranged weapons and melee attacks
   (+2).
   It protects you from cold.
   It protects you from negative energy.
   It affects your resistance to hostile enchantments.
 Y - the ring of Puruh (left hand) {rC+ rN+ Str-2 Dex+2 Stlth+}
   (You found it on level 6 of the Lair of Beasts)

   [ring of stealth]

   It affects your strength (-2).
   It affects your dexterity (+2).
   It protects you from cold.
   It protects you from negative energy.
   It makes you more stealthy.
Wands
 y - a wand of iceblast (5)
 z - a wand of flame (31)
 A - a wand of enslavement (2)
 I - a wand of digging (6)
 Q - a wand of acid (9)
Scrolls
 h - 6 scrolls of blinking
 j - a scroll of enchant weapon
 l - 11 scrolls of teleportation
 m - 5 scrolls of fog
 p - a scroll of silence {unknown}
 q - 2 scrolls of remove curse
 v - 7 scrolls of magic mapping
 w - 2 scrolls of random uselessness {unknown}
 F - 2 scrolls of vulnerability {unknown}
 J - a scroll of holy word
 R - a scroll of brand weapon {unknown}
 T - a scroll of noise {unknown}
 U - 2 scrolls of fear
 X - a scroll of torment {unknown}
Potions
 e - 5 potions of lignification
 f - a potion of invisibility
 g - 2 potions of cancellation {unknown}
 k - 4 potions of heal wounds
 n - 8 potions of curing
 r - 2 potions of mutation {unknown}
 s - a potion of magic {unknown}
 t - 3 potions of ambrosia
 B - 2 potions of flight {unknown}
 C - 2 potions of haste {unknown}
 E - 2 potions of agility {unknown}
 H - 3 potions of brilliance {unknown}
 K - a potion of resistance {unknown}
 L - a potion of degeneration {unknown}
 V - 2 potions of might
Miscellaneous
 P - a phial of floods
 Z - a lamp of fire
Comestibles
 c - 4 chunks of flesh
 d - 42 rations


   Skills:
 - Level 14.0 Fighting
 - Level 16.0 Axes
 - Level 12.0 Throwing
 + Level 9.9 Armour
 + Level 9.6 Dodging
 - Level 8.0 Evocations


You had 13 spell levels left.
You didn't know any spells.
Your spell library was empty.

Dungeon Overview and Level Annotations

Branches:
Dungeon (13/15)            Temple (0/1) D:5            Lair (6/6) D:9
  Swamp (0/4) Lair:4       Spider (0/4) Lair:4        Slime (0/5) Lair:6
    Orc (2/2) D:11            Elf (0/3) Orc:2
 Vaults: D:13-14

Altars:
Cheibriados
Fedhas
Gozag
Kikubaaqudgha
Makhleb
Sif Muna
The Shining One

Shops:
D:7 [   D:12 =?

Annotations:
Lair:5 8 exclusions


Innate Abilities, Weirdness & Mutations

You reflexively headbutt those who attack you in melee.
You have a pair of horns on your head.


Message History

The centaur is severely wounded.
Trog accepts your kill.
You feel a bit more experienced.
The centaur shoots an arrow.
The arrow barely misses you.
Evoke which item? (* to show all) (? for menu, Esc to quit)
Aiming: Iceblast
Press: ? - help, Shift-Dir - straight line, f/p - orc knight
Aim: an orc knight, wielding a +0 glaive (moderately wounded)
The mass of ice explodes!
The iceblast engulfs the orc knight!!
The orc knight is almost dead.
The iceblast engulfs the centaur!
You kill the centaur!
Trog accepts your kill. x2
You feel a bit more experienced.
The orc knight roars a battlecry!
The orc warrior goes into a battle-frenzy!
The orc knight roars a battlecry!
The orc knight unwields a +0 glaive.
The orc knight wields a +0 arbalest.
The orc knight shoots a bolt.
The bolt hits you!
You die...

..###........### #..........##..
...##..........####..........#...
....#......^.....#.).........#...
.................................
...................##............
.......####.........##...........
........# ###.(......###........#
........####......<.))...........
........##(..(..@..))..........#.
........#........................
...#...........#..........#.#....
..###..........##........######..
.###.)(#..o##.#####.......## ##..
## ##....o.#### #........# #.##
.# ####..(o# #....##.## ###. ..#
##oo.# #....#### ##.. .## ##(.##
##..## #...


You could see an orc knight and an orc warrior.

Vanquished Creatures
  A minotaur (Lair:5)
  The ghost of quik the Fighter, a journeyman MiAM of Elyvilon (Lair:5)
  An ettin (Orc:2)
  6 hydras
  A catoblepas (Lair:6)
  6 death yaks (Lair:3)
  2 two-headed ogres
  An unseen horror (D:12)
  Pikel (D:6)
  A cyclops (D:11)
  An orc sorcerer (Orc:2)
  A wolf spider (Lair:4)
  2 oklob plants (Lair:5)
  3 black mambas
  9 elephants (Lair:4)
  A torpor snail (Lair:6)
  Psyche (D:11)
  2 gargoyles
  14 spiny frogs
  5 komodo dragons
  6 trolls
  4 polar bears
  A jumping spider (Lair:4)
  6 hornets (Lair:6)
  5 blink frogs (Lair:5)
  9 hippogriffs
  10 dream sheep
  5 slime creatures (D:13)
  2 redbacks (Lair:4)
  Sigmund (D:4)
  A wraith (D:11)
  13 spriggans (Lair:6)
  41 yaks
  2 wyverns (Lair:4)
  Eustachio (D:4)
  A steam dragon (D:8)
  A basilisk (Lair:1)
  A hungry ghost (D:11)
  A golden eye (shapeshifter) (D:13)
  A redback simulacrum (D:10)
  3 wargs
  Edmund (D:6)
  14 water moccasins
  Duvessa (D:4)
  5 porcupines
  2 necrophages
  20 orc warriors
  4 slaves (D:6)
  5 black bears
  2 ice beasts
  5 sky beasts
  5 ogres
  An eye of draining (D:11)
  3 phantoms
  3 boggarts (Lair:6)
  18 wolves
  13 crocodiles
  14 centaurs
  4 big kobolds
  5 gnoll sergeants
  13 bullfrogs
  Blork the orc (D:6)
  A water moccasin zombie (D:6)
  Dowan (D:4)
  3 scorpions
  A water moccasin skeleton (D:7)
  12 killer bees
  An electric eel (Lair:4)
  5 wights (D:6)
  8 crimson imps
  2 centaur zombies
  A bullfrog zombie (D:5)
  19 orc wizards
  2 bullfrog skeletons
  A hound (D:4)
  15 jellies
  9 orc priests
  A centaur skeleton (D:5)
  An iguana (D:3)
  Ijyb (D:3)
  Natasha (thrice) (D:2)
  9 worker ants
  5 worker ant zombies
  7 gnolls
  13 adders
  A howler monkey skeleton (D:11)
  3 shadow imps
  A white imp (D:9)
  An ooze (Lair:6)
  An adder zombie (D:5)
  An adder skeleton (D:9)
  2 worms
  A dart slug (D:2)
  6 leopard geckos
  70 orcs
  2 ball pythons
  3 bats (D:2)
  5 giant cockroaches
  5 goblins
  7 hobgoblins
  5 jackals
  12 kobolds
  3 quokkas
  5 frilled lizards
  2 goblin skeletons (D:9)
  A goblin zombie (D:9)
  2 hobgoblin zombies (D:9)
  2 jackal skeletons
  A jackal zombie (D:6)
  2 orc skeletons (D:9)
  2 orc zombies (D:9)
  8 rats
  4 fungi
  4 plants
597 creatures vanquished.

Vanquished Creatures (collateral kills)
  2 blink frogs (Lair:5)
  A bullfrog skeleton (D:13)
  An orc wizard (D:13)
4 creatures vanquished.

Vanquished Creatures (others)
  8 fungi
  5 plants
13 creatures vanquished.

Grand Total: 614 creatures vanquished

Notes
Turn   | Place    | Note
-------+----------+-------------------------------------------
     0 | D:1      | Fingolfin the Minotaur Berserker began the quest for the
                  | Orb.
     0 | D:1      | Reached XP level 1. HP: 19/19 MP: 0/0
   249 | D:1      | Reached XP level 2. HP: 19/28 MP: 1/1
  1040 | D:2      | Reached skill level 5 in Fighting
  1047 | D:2      | Reached XP level 3. HP: 34/36 MP: 2/2
  1103 | D:2      | Reached ** piety under Trog
  1268 | D:2      | Reached XP level 4. HP: 39/44 MP: 3/3
  1297 | D:2      | Noticed Natasha
  1302 | D:2      | Killed Natasha
  1403 | D:2      | Noticed Natasha
  1432 | D:2      | Killed Natasha
  1465 | D:2      | Noticed Natasha
  1524 | D:2      | Killed Natasha
  1524 | D:2      | Reached XP level 5. HP: 40/52 MP: 4/4
  2135 | D:3      | Noticed Ijyb
  2143 | D:3      | Killed Ijyb
  2173 | D:3      | Found an opulent altar of Gozag.
  2894 | D:4      | Noticed Duvessa
  2916 | D:4      | Noticed Dowan
  2918 | D:4      | Killed Duvessa
  2918 | D:4      | Reached skill level 4 in Axes
  2918 | D:4      | Reached XP level 6. HP: 61/61 MP: 5/5
  2925 | D:4      | Killed Dowan
  2925 | D:4      | Reached skill level 5 in Axes
  2949 | D:4      | Reached *** piety under Trog
  3028 | D:4      | Noticed Eustachio
  3045 | D:4      | Killed Eustachio
  3045 | D:4      | Reached skill level 6 in Axes
  3045 | D:4      | Reached XP level 7. HP: 68/68 MP: 6/6
  3109 | D:4      | Noticed Sigmund
  3121 | D:4      | Killed Sigmund
  3715 | D:5      | Entered Level 5 of the Dungeon
  4164 | D:5      | Reached skill level 5 in Armour
  4164 | D:5      | Reached XP level 8. HP: 42/74 MP: 7/7
  4184 | D:5      | Got a warped chain mail
  4195 | D:5      | Identified the +3 chain mail of the Thunderstorm {rF+
                  | Str+4} (You found it on level 5 of the Dungeon)
  4384 | D:5      | Found an ancient bone altar of Kikubaaqudgha.
  4407 | D:5      | Reached skill level 5 in Dodging
  4544 | D:5      | Found a staircase to the Ecumenical Temple.
  4745 | D:6      | Noticed Pikel
  4748 | D:6      | Killed Pikel
  4762 | D:6      | Reached skill level 1 in Evocations
  4803 | D:6      | Found a shimmering blue altar of Sif Muna.
  4912 | D:6      | Reached XP level 9. HP: 42/81 MP: 10/10
  5208 | D:6      | Noticed Blork the orc
  5208 | D:6      | Noticed Edmund
  5221 | D:6      | Killed Edmund
  5222 | D:6      | Killed Blork the orc
  5222 | D:6      | Reached skill level 5 in Evocations
  5298 | D:6      | You fall into a shaft and drop 1 floor!
  5308 | D:7      | Reached **** piety under Trog
  5636 | D:7      | Found Sacwepn's Armour Shoppe.
  5753 | D:6      | Found a snail-covered altar of Cheibriados.
  5819 | D:6      | Found a blossoming altar of Fedhas.
  6431 | D:8      | Reached skill level 1 in Throwing
  6783 | D:8      | Reached ***** piety under Trog
  6783 | D:8      | Received a gift from Trog
  6783 | D:8      | Reached XP level 10. HP: 82/88 MP: 15/15
  6964 | D:8      | Reached skill level 5 in Throwing
  7228 | D:8      | Noticed a three-headed hydra
  7237 | D:8      | Killed a three-headed hydra
  7646 | D:9      | Found a glowing golden altar of the Shining One.
  7736 | D:9      | Found a burning altar of Makhleb.
  8105 | D:9      | Found a staircase to the Lair.
  8361 | D:9      | Received a gift from Trog
  8784 | D:10     | Entered Level 10 of the Dungeon
  8831 | Lair:1   | Entered Level 1 of the Lair of Beasts
  8831 | Lair:1   | Noticed a spiny frog
  8841 | Lair:1   | Killed a spiny frog
  8841 | Lair:1   | Reached skill level 10 in Fighting
  8858 | Lair:1   | Reached XP level 11. HP: 88/101 MP: 16/16
  8957 | Lair:1   | Received a gift from Trog
 10198 | Lair:2   | Received a gift from Trog
 10209 | Lair:2   | You fall into a shaft and drop 2 floors!
 10672 | Lair:4   | Reached skill level 7 in Axes
 10744 | Lair:3   | Reached skill level 8 in Axes
 10918 | Lair:3   | Noticed a four-headed hydra
 11147 | Lair:2   | Reached skill level 9 in Axes
 11774 | Lair:3   | Killed a four-headed hydra
 11774 | Lair:3   | Reached skill level 10 in Axes
 11774 | Lair:3   | Reached XP level 12. HP: 106/112 MP: 6/17
 11990 | Lair:3   | Noticed a death yak
 12003 | Lair:3   | Noticed a death yak
 12018 | Lair:3   | Killed a death yak
 12018 | Lair:3   | Reached skill level 11 in Axes
 12020 | Lair:3   | Noticed a death yak
 12021 | Lair:3   | Killed a death yak
 12025 | Lair:3   | Killed a death yak
 12026 | Lair:3   | Noticed a death yak
 12027 | Lair:3   | Noticed a death yak
 12028 | Lair:3   | Noticed a death yak
 12193 | Lair:3   | Reached skill level 12 in Axes
 12436 | Lair:3   | Killed a death yak
 12436 | Lair:3   | Reached skill level 13 in Axes
 12444 | Lair:3   | Killed a death yak
 12446 | Lair:3   | Killed a death yak
 13064 | Lair:3   | Reached skill level 14 in Axes
 13245 | Lair:4   | Found a staircase to the Swamp.
 13546 | Lair:4   | Noticed a five-headed hydra
 13559 | Lair:4   | Killed a five-headed hydra
 13704 | Lair:4   | Reached skill level 15 in Axes
 13924 | Lair:4   | Reached XP level 13. HP: 98/118 MP: 6/18
 13932 | Lair:4   | Found a hole to the Spider Nest.
 14677 | Lair:5   | Found a runed translucent gate.
 14680 | Lair:5   | Found a runed translucent gate.
 14689 | Lair:5   | Found a runed translucent gate.
 14715 | Lair:5   | Noticed quik's ghost (journeyman MiAM)
 14715 | Lair:5   | Noticed a minotaur
 14736 | Lair:5   | Reached skill level 16 in Axes
 14748 | Lair:5   | Killed quik's ghost
 14755 | Lair:5   | HP: 5/119 [minotaur (21)]
 15222 | Lair:5   | You fall into a shaft and drop 1 floor!
 15222 | Lair:6   | Entered Level 6 of the Lair of Beasts
 15371 | Lair:6   | Received a gift from Trog
 15725 | Lair:6   | Found a staircase to the Slime Pits.
 16028 | Lair:5   | Killed a minotaur
 16407 | Lair:5   | Got a smoking amber ring
 16425 | Lair:5   | Identified the cursed ring "Xeneq" {rC+ rN+ MR- EV-2
                  | Slay+2} (You found it on level 5 of the Lair of Beasts)
 16940 | Lair:6   | Reached skill level 10 in Throwing
 16966 | Lair:6   | Received a gift from Trog
 17312 | Lair:6   | Paralysed by a hornet for 2 turns
 17341 | Lair:6   | Reached XP level 14. HP: 79/132 MP: 6/19
 17581 | Lair:6   | Received a gift from Trog
 17599 | Lair:6   | Paralysed by a hornet for 2 turns
 17914 | Lair:6   | Got a scintillating brass ring
 17915 | Lair:6   | Identified the ring of Puruh {rC+ rN+ Str-2 Dex+2 Stlth+}
                  | (You found it on level 6 of the Lair of Beasts)
 19171 | D:11     | Received a gift from Trog
 19209 | D:11     | You fall into a shaft and drop 2 floors!
 19277 | D:12     | Found Coin's Magic Scroll Shop.
 19281 | D:12     | Bought a scroll of fear for 49 gold pieces
 19281 | D:12     | Bought a scroll of identify for 28 gold pieces
 19281 | D:12     | Bought a scroll of teleportation for 42 gold pieces
 19281 | D:12     | Bought a scroll of teleportation for 42 gold pieces
 19281 | D:12     | Bought a scroll of identify for 28 gold pieces
 19281 | D:12     | Bought a scroll of identify for 28 gold pieces
 19281 | D:12     | Bought a scroll of holy word for 105 gold pieces
 19281 | D:12     | Bought a scroll of teleportation for 42 gold pieces
 19624 | D:12     | Found Ucloh's Jewellery Shop.
 19779 | D:11     | Got a heavily runed silver amulet
 19780 | D:11     | Identified the amulet "Sitraa" {Faith rF- rN++} (You found
                  | it on level 11 of the Dungeon)
 19828 | D:11     | Noticed Psyche
 19840 | D:11     | Killed Psyche
 20122 | D:11     | Found a staircase to the Orcish Mines.
 20389 | Orc:1    | Entered Level 1 of the Orcish Mines
 20400 | Orc:1    | Received a gift from Trog
 20446 | Orc:1    | Reached ****** piety under Trog
 20506 | Orc:1    | Received a gift from Trog
 21002 | Orc:2    | Entered Level 2 of the Orcish Mines
 21002 | Orc:2    | Found a staircase to the Elven Halls.
 21257 | Orc:2    | Found a burning altar of Makhleb.
 21406 | Orc:2    | Shot with a bolt by an orc knight

Levels and vault maps discovered:
D:1:      lightli_arrival_quake, layout_basic, minmay_misc_feat_five,
          amethyst_killhole
D:2:      layout_loops_ring, uniq_natasha
D:3:      layout_basic, grunt_gozag_breadcrumbs, uniq_ijyb
D:4:      layout_layer_cave, uniq_eustachio, uniq_duvessa, uniq_sigmund
D:5:      layout_basic, kennysheep_mini_moat, temple_hall, serial_corexii_hall,
          corexii_hall_statues_t, corexii_hall_statues_i, first_ration,
          chequers_arboretum
D:6:      layout_cave_pools, lemuel_coloured_pillars_altar,
          lemuel_crystal_altar, hangedman_abyss_or_decor_stabs, fedhas_altar_3,
          uniq_blork_the_orc, uniq_pikel, uniq_edmund
D:7:      layout_rooms, serial_shops, nicolae_shop_trees,
          hangedman_abyss_or_decor_lesser_grid
D:8:      layout_basic, hangedman_ranch [blue_anna_fruit_fields]
D:9:      minmay_goldmine, layout_cave_pools, overflow_temple_1_default,
          david_lair_shrubbed, nicolae_tso_besieged_by_evil
D:10:     layout_layer_cave
D:11:     layout_roguey, kennysheep_orc_monster_closet_entryway, serial_glass,
          glass_columns_c, glass_columns_a, uniq_psyche
D:12:     layout_irregular_city, serial_shops, kennysheep_mini,
          nicolae_shop_crystal, shop_scrolls, uniq_azrael
D:13:     layout_gridville, hangedman_vaults_entry_quadrant_bands, uniq_rupert,
          uniq_erolcha, uniq_nessos
Lair:1:   layout_long_grid, minivault_27
Lair:2:   layout_cave_pods, infiniplex_staircase_pool_2
Lair:3:   layout_regular_city, grunt_megastairs_3
Lair:4:   layout_regular_city, swamp_mist_pool, spider_nest_entry_funnel_web,
          patterned_corridor, grunt_megastairs_5, serial_bayou_shore_b,
          serial_bayou_shore_a, lemuel_fruit_tree
Lair:5:   layout_roguey, maelrawn_ghost_gauntlet_escape, minmay_lindwurm_lava,
          grunt_megastairs_2, serial_bayou_shore_b, minmay_lair_oklob_chamber
Lair:6:   minmay_lair_end_enchanted_forest, layout_misc_corridors,
          minmay_slime_entry_jelly_boxes
Orc:1:    layout_caves
Orc:2:    st_orc_rangers, layout_diamond_mine, basic_altar

Skill      XL: |  1  2  3  4  5  6  7  8  9 10 11 12 13 14 |
---------------+-------------------------------------------+-----
Fighting       | 4 5 6 7 8 10 12 14 | 14.0
Axes           | 4 6 10 15 16 | 16.0
Armour         | 5 7 8 9 |  9.9
Dodging        | 4 6 8 9 |  9.6
Evocations     | 3 8 |  8.0
Throwing       | 3 8 10 12 | 12.0

Action                   |  1- 3 |  4- 6 |  7- 9 | 10-12 | 13-15 || total
-------------------------+-------+-------+-------+-------+-------++-------
Melee: Hand axe          |    81 |    74 |       |       |       ||   155
       Headbutt          |    13 |    18 |    63 |   128 |   161 ||   383
       Spear             |       |    56 |   134 |       |       ||   190
       Morningstar       |       |       |   169 |   259 |    13 ||   441
       Battleaxe         |       |       |       |   231 |   644 ||   875
Throw: Boomerang         |       |       |     2 |    23 |    19 ||    44
       Dart              |       |       |       |    13 |     9 ||    22
Invok: Berserk           |       |     3 |     4 |    11 |     8 ||    26
       Trog's Hand       |       |       |       |     2 |     1 ||     3
       Brothers in Arms  |       |       |       |       |     1 ||     1
Evoke: Wand              |       |       |       |     1 |    12 ||    13
  Use: Scroll            |       |     7 |     1 |     4 |    10 ||    22
       Potion            |       |       |       |       |     5 ||     5
  Eat: Chunk             |     1 |     8 |    17 |    21 |    28 ||    75
       Ration            |       |       |       |     4 |     1 ||     5
Armor: Animal skin       |     4 |       |       |       |       ||     4
       Plate armour      |    38 |    93 |       |       |       ||   131
       Leather armour    |       |       |    14 |       |       ||    14
       Chain mail        |       |       |   145 |   298 |   351 ||   794
Dodge: Dodged            |    32 |    43 |   180 |   269 |   389 ||   913
Block: Buckler           |     2 |     8 |    24 |    20 |       ||    54

Table legend:
 A = Non-vault XP
 B = Vault XP
 C = Vault XP percentage of total XP
 D = Non-vault monster count
 E = Vault monster count
 F = Vault count percentage of total count
                 A         B        C        D         E       F
            +---------+---------+-------+---------+---------+-------
      Total |   61595 |   24469 |  28.4 |     442 |     147 |  25.0
            +---------+---------+-------+---------+---------+-------
        D:1 |      31 |       0 |   0.0 |      18 |       0 |   0.0
        D:2 |     153 |      35 |  18.6 |      23 |       1 |   4.2
        D:3 |      55 |      36 |  39.6 |      11 |       1 |   8.3
        D:4 |      92 |     639 |  87.4 |      10 |       4 |  28.6
        D:5 |     588 |       0 |   0.0 |      15 |       0 |   0.0
        D:6 |     917 |     886 |  49.1 |      22 |       3 |  12.0
        D:7 |     881 |       0 |   0.0 |      32 |       0 |   0.0
        D:8 |    1827 |    2203 |  54.7 |      31 |       8 |  20.5
        D:9 |    1467 |     694 |  32.1 |      25 |      22 |  46.8
       D:10 |    2286 |       0 |   0.0 |      12 |       0 |   0.0
       D:11 |    3629 |    1776 |  32.9 |      32 |      21 |  39.6
       D:12 |    1903 |       0 |   0.0 |       7 |       0 |   0.0
       D:13 |    2140 |       0 |   0.0 |      12 |       0 |   0.0
     Lair:1 |    3565 |       0 |   0.0 |      17 |       0 |   0.0
     Lair:2 |    3087 |       0 |   0.0 |      14 |       0 |   0.0
     Lair:3 |   12306 |     447 |   3.5 |      35 |       3 |   7.9
     Lair:4 |    7630 |    1748 |  18.6 |      20 |       6 |  23.1
     Lair:5 |    4779 |    5432 |  53.2 |      20 |      10 |  33.3
     Lair:6 |    8545 |    9140 |  51.7 |      31 |      54 |  63.5
      Orc:1 |    2704 |       0 |   0.0 |      36 |       0 |   0.0
      Orc:2 |    3010 |    1433 |  32.3 |      19 |      14 |  42.4
            +---------+---------+-------+---------+---------+-------
